 Dungeon Crawl Stone Soup version 0.31-a0-1-g4198be8af4 (webtiles) character file.

Game seed: 6294088178816929041

1269 cheesebisquit the Trooper (level 8, -3/102 HPs)
             Began as a Merfolk Ice Elementalist on May 1, 2023.
             Slain by an ice beast (5 damage)
             ... on level 6 of the Dungeon.
             The game lasted 00:22:02 (6731 turns).

cheesebisquit the Trooper (MfIE)                    Turns: 6731, Time: 00:22:03

Health: -3/102     AC: 12    Str:  8    XL:     8   Next: 53%
Magic:  6/14       EV: 12    Int: 16    God:
Gold:   224        SH:  0    Dex: 15    Spells: 5/16 levels left

rFire   . . .        u - +0 trident (flame)
rCold   + . .        (no shield)
rNeg    . . .        j - +2 leather armour {rC+}
rPois   +            a - +0 helmet
rElec   .            A - +0 cloak
rCorr   .            i - +0 pair of gloves
SInv    .            (no boots)
Will    .....        (no amulet) Stlth
                     h - ring of poison resistance
HPRegen 0.37/turn    (no ring)
MPRegen 0.14/turn

%: no passive effects
@: mighty, berserking, ice-armoured, very quick
A: (nimble swimmer 2), mertail
a: no special abilities


You were on level 6 of the Dungeon.
You visited 2 branches of the dungeon, and saw 7 of its levels.

You collected 224 gold pieces.

Inventory:

Hand Weapons
 g - a +0 flail of electrocution
 u - a +0 trident of flaming (weapon)
Missiles
 d - 5 poisoned darts
Armour
 a - a +0 helmet (worn)
 i - a +0 pair of gloves (worn)
 j - a +2 leather armour of cold resistance (worn)
 A - a +0 cloak (worn)
 B - a +2 robe of the Archmagi
Jewellery
 h - a ring of poison resistance (left hand)
Wands
 k - a wand of digging (4)
 p - a wand of light (5)
 s - a wand of roots (13)
 w - a wand of charming (9)
Scrolls
 b - 3 scrolls of amnesia {unknown}
 c - 2 scrolls of blinking
 e - 2 scrolls of brand weapon
 f - a scroll of poison {unknown}
 l - a scroll of enchant armour {unknown}
 r - a scroll of fog {unknown}
 v - 2 scrolls of identify
 y - a scroll of teleportation {unknown}
 C - a scroll of butterflies {unknown}
 D - a scroll of magic mapping {unknown}
Potions
 m - a potion of lignification
 q - 3 potions of curing {unknown}
 t - 2 potions of cancellation {unknown}
 x - 3 potions of degeneration {unknown}
 z - a potion of mutation {unknown}


   Skills:
 + Level 7.9 Fighting
 + Level 3.2 Polearms
 - Level 2.6 Dodging
 - Level 2.1 Stealth
 + Level 4.5 Spellcasting
 + Level 6.5 Ice Magic


You had 5 spell levels left.
You knew the following spells:

 Your Spells              Type           Power      Damage    Failure   Level
a - Freeze                Ice            96%        1d10      1%          1
s - Summon Ice Beast      Ice/Summ       14%        N/A       52%         4
x - Frozen Ramparts       Ice            48%        1d8       4%          3
z - Ozocubu's Armour      Ice            24%        N/A       4%          3

Your spell library contained the following spells:

 Spells                   Type           Power      Damage    Failure   Level
 Kiss of Death            Conj/Necr      12%        2d6       24%         1
 Confusing Touch          Hex            3%         N/A       56%         3
 Dispel Undead            Necr           3%         3d7       93%         4
 Alistair's Intoxication  Tmut/Pois      2%         N/A       100%        5
 Borgnjor's Vile Clutch   Necr/Erth      1%         N/A       100%        5
 Eringya's Noxious Bog    Tmut/Pois      1%         N/A       100%        6


Dungeon Overview and Level Annotations

Branches:
Dungeon (6/15)             Temple (1/1) D:4

Altars:
Ashenzari
Cheibriados
Dithmenos
Elyvilon
Fedhas
Kikubaaqudgha
Nemelex Xobeh
Qazlal
Ru
Sif Muna
Trog
Uskayaw
Vehumet
Wu Jian
Xom
Yredelemnul
Zin
The Shining One

Annotations:
D:6 Grinder


Innate Abilities, Weirdness & Mutations

((You are very nimble when in or above water. (Stealth+, EV+, Speed+++)))
Your lower body shifts to a powerful aquatic tail in water.


Message History

The wall freezes the ice beast but does no damage.
The ice beast hits you but does no damage.
Grinder completely resists.
The wall freezes Grinder but does no damage.
You barely miss the ice beast.
The ice beast is moderately wounded.
Grinder completely resists.
The wall freezes Grinder but does no damage.
Grinder gestures at you. Pain shoots through your body!
* * * LOW HITPOINT WARNING * * *
The ice beast completely resists.
The wall freezes the ice beast but does no damage.
The ice beast barely misses you.
You feel very mighty all of a sudden.
Grinder completely resists.
The wall freezes Grinder but does no damage.
Grinder gestures at you. Pain shoots through your body!
* * * LOW HITPOINT WARNING * * *
The ice beast completely resists.
The wall freezes the ice beast but does no damage.
The ice beast closely misses you.
A red film seems to cover your vision as you go berserk!
You feel yourself moving faster!
You feel mighty!
Grinder completely resists.
The wall freezes Grinder but does no damage.
The ice beast completely resists.
The wall freezes the ice beast but does no damage.
The ice beast hits you but does no damage.
You puncture the ice beast!
You melt the ice beast.
The ice beast is almost dead.
You hit the ice beast.
You melt the ice beast.
The ice beast is almost dead.
The frozen ramparts melt away.
Grinder blinks!
The ice beast barely misses you.
You closely miss the ice beast.
The ice beast is almost dead.
The ice beast hits you.
* * * LOW HITPOINT WARNING * * *
The ice beast freezes you. You resist.
You die...

......##
..#....##
#.###...##
#.##.....##
#5#..#....#
#.#.###..##
##...# #..#
..##.##..###
##.#
#....)Y@##
##.#
##..##§##
#..## #. ...
##...# ####
#...##
##...#
##†..##
#...##
##..##
##..##


You could see Grinder and an ice beast.

Vanquished Creatures
  Duvessa (D:5)
  An ice beast (D:5)
  A black bear (D:5)
  An ogre (D:6)
  2 phantoms
  3 scorpions
  Dowan (D:5)
  2 howler monkeys
  2 jellies (D:6)
  Terence (D:3)
  4 iguanas
  3 orc wizards
  8 adders
  2 white imps (D:5)
  2 dart slugs
  4 worms
  10 orcs
  7 ball pythons
  7 bats
  11 endoplasms
  5 giant cockroaches
  5 goblins
  10 hobgoblins
  2 jackals (D:5)
  5 quokkas
  4 frilled lizards
  4 kobolds
  5 rats
113 creatures vanquished.

Notes
Turn   | Place    | Note
-------+----------+-------------------------------------------
     0 | D:1      | cheesebisquit the Merfolk Ice Elementalist began the quest
                  | for the Orb.
     0 | D:1      | Reached XP level 1. HP: 13/13 MP: 3/3
   228 | D:1      | Found a faded altar of an unknown god.
   360 | D:1      | Reached XP level 2. HP: 19/19 MP: 3/5
   918 | D:2      | Reached XP level 3. HP: 24/24 MP: 4/6
   967 | D:2      | Reached skill level 5 in Ice Magic
  1357 | D:2      | Reached skill level 1 in Fighting
  1368 | D:2      | Reached XP level 4. HP: 19/33 MP: 0/8
  1487 | D:2      | Reached skill level 2 in Fighting
  1936 | D:3      | Reached skill level 3 in Fighting
  2035 | D:3      | Reached XP level 5. HP: 41/41 MP: 6/9
  2332 | D:3      | Noticed Terence
  2342 | D:3      | Killed Terence
  2450 | D:3      | Reached skill level 4 in Fighting
  3058 | D:4      | Noticed a phantom
  3762 | D:4      | Found a staircase to the Ecumenical Temple.
  3771 | Temple   | Entered the Ecumenical Temple
  4042 | D:4      | Reached skill level 5 in Fighting
  4042 | D:4      | Reached XP level 6. HP: 43/51 MP: 2/10
  4212 | D:4      | Learned a level 3 spell: Ozocubu's Armour
  4216 | D:4      | Learned a level 3 spell: Frozen Ramparts
  4221 | D:4      | Learned a level 4 spell: Summon Ice Beast
  4423 | D:4      | Reached skill level 6 in Fighting
  5054 | D:5      | Entered Level 5 of the Dungeon
  5082 | D:5      | Reached XP level 7. HP: 59/59 MP: 5/11
  5438 | D:5      | Noticed Dowan
  5439 | D:5      | Noticed Duvessa
  5452 | D:5      | Killed Dowan
  5453 | D:5      | Reached skill level 7 in Fighting
  5471 | D:5      | Killed Duvessa
  5804 | D:5      | Reached skill level 1 in Polearms
  5804 | D:5      | Reached XP level 8. HP: 36/67 MP: 10/13
  6269 | D:5      | Found a blossoming altar of Fedhas.
  6720 | D:6      | Noticed Grinder
  6727 | D:6      | HP: 2/68 [Grinder/nerve-wracking pain (3)]
  6731 | D:6      | Slain by an ice beast

Illustrated notes

Levels and vault maps discovered:
D:1:      dpeg_arrival_arbitrary_c, layout_basic,
          ebering_ecumenical_altar_sacrificial, hex_large, patterned_corridor
D:2:      layout_basic, grunt_ministairs_3, minmay_fractal_squares_gapless_5
D:3:      layout_loops_ring, portal_sewer_entry_e, st_stairs_1,
          nicolae_wormholes, uniq_terence
D:4:      minmay_spotlight, layout_rooms, minmay_temple_entry_waves,
          serial_rivers, chequers_serial_rivers_room_a,
          chequers_serial_rivers_micro_a, chequers_serial_rivers_small_a,
          chequers_serial_rivers_micro_e, chequers_serial_rivers_micro_e,
          minmay_between
D:5:      layout_loops_cross, amcnicky_altar_gilded, uniq_duvessa
D:6:      layout_layer_cave, serial_shops, nicolae_shop_tiny_real_fake_doors,
          minmay_checkerbox, uniq_eustachio, uniq_grinder
Temple:   minmay_temple_bridge_d

Skill      XL: |  1  2  3  4  5  6  7  8 |
---------------+-------------------------+-----
Ice Magic      | 5 6 |  6.5
Spellcasting   | 3 4 |  4.5
Fighting       | 1 3 5 6 7 |  7.9
Polearms       | 1 3 |  3.2
Dodging        | |  2.6
Stealth        | |  2.1

Action                     |  1- 3 |  4- 6 |  7- 9 || total
---------------------------+-------+-------+-------++-------
  Melee: Unarmed           |     2 |       |       ||     2
         Flail             |    16 |    30 |       ||    46
         Trident           |       |    16 |   102 ||   118
         Punch             |       |     1 |     2 ||     3
   Cast: Freeze            |    47 |    92 |       ||   139
         Ozocubu's Armour  |       |    11 |    14 ||    25
         Frozen Ramparts   |       |     8 |    17 ||    25
    Use: Scroll            |       |     8 |       ||     8
         Potion            |       |     2 |     5 ||     7
   Stab: Invisible         |       |       |     1 ||     1
 Armour: Robe              |    13 |    23 |    10 ||    46
         Leather armour    |       |       |    31 ||    31
  Dodge: Dodged            |    40 |    69 |    66 ||   175

Table legend: (Time is in decaauts)
 A = Elapsed time spent in this place.
 B = Non-inter-level travel time spent in this place.
 C = Inter-level travel time spent in this place.
 D = Time resting spent in this place.
 E = Time spent auto-exploring this place.
 F = Levels seen in this place.
 G = Mean time per level.
                   A        B        C        D        E       F      G
               +--------+--------+--------+--------+--------+-----+--------+
         Total |   6762 |   6482 |    280 |      7 |   5508 |   7 |  966.0 |
       Dungeon |   6530 |   6258 |    272 |      7 |   5296 |   6 | 1088.3 |
        Temple |    231 |    223 |      8 |      0 |    212 |   1 |  231.0 |
               +--------+--------+--------+--------+--------+-----+--------+

Top non-repeatable levels by time:
     D:3: 1884 daAuts
     D:5: 1465 daAuts
     D:2: 1031 daAuts
     D:4: 997 daAuts
     D:1: 914 daAuts
     D:6: 237 daAuts
  Temple: 231 daAuts
